Maple Leafs vs Bruins
Created - January 21, 2022 at 19:56
Goals
|
| Maple Leafs |
0 |
1 |
2 |
3 |
| Bruins |
1 |
2 |
1 |
4 |
|
Shots
|
| Maple Leafs |
6 |
8 |
15 |
29 |
| Bruins |
9 |
16 |
13 |
38 |
|
1st period
1. Bruins , Wojtek Wolski 10 (Jason Demers 8) at 8:59 (PP)
Penalties :
Brandon Saad (TOR) for Roughing (Double Minor) at 8:17, Scott Hartnell (Bos) for Delaying the game (Minor) at 15:53
2nd period
2. Maple Leafs , Andre Burakovsky 9 (Jake Guentzel 8, Logan Couture 6) at 0:57
3. Bruins , Andreas Athanasiou 1 (Casey Cizikas 8, Josh Manson 3) at 2:29
4. Bruins , Zack Kassian 11 (Jonathan Toews 20) at 3:23
Penalties :
Casey Cizikas (Bos) for Holding (Minor) at 8:17, Braydon Coburn (TOR) for High sticking (Minor) at 19:29
3rd period
5. Bruins , Casey Cizikas 5 (Adam Pelech 1, Victor Oreskovich 5) at 2:35
6. Maple Leafs , Bo Horvat 2 (Logan Couture 7) at 3:37
7. Maple Leafs , Jake Guentzel 9 (Andre Burakovsky 5, Logan Couture 8) at 14:39
Penalties :
Zack Kassian (Bos) for Roughing (Minor) at 10:54
Goalie Stats
John Gibson (TOR), 34 saves from 38 shots - (0.895), L, 7-6-0, 59:26 minutes
Kevin Poulin (Bos), 26 saves from 29 shots - (0.897), W, 9-7-0, 60:00 minutes
Players Stats for Maple Leafs
Player Name G A P +/- PIM S H SB GA TA FO MP PP MP PK MP
------------------------------------------------------------------------------------
Andre Burakovsky 1 1 2 2 0 1 1 0 2 0 1/1 15:16 2:40 0:00
Beau Bennett 0 0 0 -2 0 1 1 0 0 2 0/0 10:32 0:00 0:00
Bo Horvat 1 0 1 -2 0 4 1 1 0 1 1/8 13:39 2:40 0:24
Brandon Saad 0 0 0 -2 4 0 0 0 0 0 0/2 10:55 0:00 0:22
Brayden Schenn 0 0 0 0 0 1 3 0 0 0 15/32 24:35 3:17 2:37
Braydon Coburn 0 0 0 2 2 0 0 0 1 0 0/0 15:54 0:00 1:37
Claude Giroux 0 0 0 0 0 4 1 0 0 1 2/4 24:35 3:17 2:37
Hampus Lindholm 0 0 0 -2 0 1 2 2 1 1 0/0 27:16 3:30 1:52
Jake Guentzel 1 1 2 2 0 9 3 0 1 1 1/1 17:16 2:40 2:00
John Klingberg 0 0 0 1 0 0 1 1 1 0 0/0 22:49 3:30 1:52
Jon Merrill 0 0 0 -2 0 2 0 0 0 1 0/0 24:53 2:27 2:48
Logan Couture 0 3 3 2 0 2 1 0 0 0 5/13 13:54 0:00 1:20
Patrice Cormier 0 0 0 0 0 0 1 0 0 1 2/3 7:33 0:00 0:00
Patrick Kane 0 0 0 0 0 3 1 0 0 1 2/2 21:57 3:17 0:00
Pontus Aberg 0 0 0 0 0 0 1 0 0 0 0/0 7:33 0:00 0:00
Ryan Parent 0 0 0 1 0 0 0 0 0 0 0/0 13:30 0:00 1:11
Tim Schaller 0 0 0 0 0 0 1 0 1 0 0/0 7:33 0:00 0:00
Zach Werenski 0 0 0 0 0 1 0 0 2 0 0/0 15:38 2:27 0:00
Players Stats for Bruins
Player Name G A P +/- PIM S H SB GA TA FO MP PP MP PK MP
------------------------------------------------------------------------------------
Adam Pelech 0 1 1 2 0 2 0 1 0 0 0/0 12:58 0:00 0:00
Andreas Athanasiou 1 0 1 2 0 3 1 0 0 0 0/0 10:42 0:00 0:00
Andrei Kostitsyn 0 0 0 2 0 3 0 0 1 0 0/1 12:43 0:00 1:51
Brendan Smith 0 0 0 -1 0 1 1 4 0 2 0/0 27:04 3:23 3:33
Casey Cizikas 1 1 2 2 2 4 0 0 0 0 4/9 12:42 0:00 1:51
Jason Demers 0 1 1 -1 0 1 2 3 0 2 0/0 25:58 3:23 3:33
Jonathan Toews 0 1 1 -1 0 3 1 0 0 0 23/35 21:58 2:31 1:18
Josh Manson 0 1 1 -1 0 1 3 1 0 2 0/0 21:04 1:17 2:24
Kevin Hayes 0 0 0 -1 0 0 2 1 0 0 6/11 15:55 2:09 0:11
Kris Chucko 0 0 0 0 0 0 0 0 1 0 0/1 7:31 0:00 0:35
Madison Bowey 0 0 0 2 0 0 1 1 0 1 0/0 11:52 0:00 0:00
Matt Read 0 0 0 0 0 5 0 0 0 0 0/0 6:56 0:00 0:00
Mikael Backlund 0 0 0 0 0 1 0 0 0 0 1/2 6:56 0:00 0:00
Scott Hartnell 0 0 0 -1 2 1 1 0 1 0 0/0 16:01 2:09 0:26
Torey Krug 0 0 0 -1 0 0 1 1 0 0 0/0 21:04 1:17 2:24
Victor Oreskovich 0 1 1 -1 0 1 1 0 1 1 0/0 15:35 2:09 0:00
Wojtek Wolski 1 0 1 -1 0 4 1 1 5 0 3/6 24:05 2:31 3:25
Zack Kassian 1 0 1 -1 2 8 2 0 0 1 0/1 22:56 2:31 2:17
3 Stars
1 - Jake Guentzel (TOR)
2 - Andre Burakovsky (TOR)
3 - Logan Couture (TOR)
Power Play
Maple Leafs - 0 on 3 Attempt(s) - 0.00%
Bruins - 1 on 3 Attempt(s) - 33.33%
Penalty Kill
Maple Leafs - 2 on 3 Attempt(s) - 66.67%
- Score 0 goal in Penalty Kill
Bruins - 3 on 3 Attempt(s) - 100.00%
- Score 0 goal in Penalty Kill
Team Stat
Maple Leafs - Hits : 18 - Faceoff Wins : 29 - Blocked Shots : 4 - Penalty Minutes : 6
Bruins - Hits : 17 - Faceoff Wins : 37 - Blocked Shots : 13 - Penalty Minutes : 6
Official
Referees : Justin St. Pierre and TJ Luxmore
Linesman : Jesse Marquis and Travis Toomey
Game Notes
11:50 of 3rd period - Maple Leafs goal is going for a video replay. After video review, No Goal. The net was displaced accidentally.
Finance
Level 1 -- Attendance: 3779 (62.98%) -- Ticket Income $468,596
Level 2 -- Attendance: 3626 (72.52%) -- Ticket Income $271,950
Level 3 -- Attendance: 1361 (68.05%) -- Ticket Income $59,884
Level 4 -- Attendance: 2721 (68.03%) -- Ticket Income $78,909
Luxury Box -- Attendance: 808 (80.80%) -- Ticket Income $176,952
Game was played at the TD Garden.
Total Attendance: 12295 (68.31%)
Total Ticket Income: $1,056,291
Other Income: $158,444
Total Income: $1,214,735
Maple Leafs
5 vs 5 Forward
Center Left Wing Right Wing Time % Phy DF OF
1 Brayden Schenn Claude Giroux Patrick Kane 40 1 2 2
2 Logan Couture Jake Guentzel Andre Burakovsky 30 1 2 2
3 Bo Horvat Brandon Saad Beau Bennett 20 1 2 2
4 Patrice Cormier Tim Schaller Pontus Aberg 10 1 2 2
5 vs 5 Defense
Defense Defense Time % Phy DF OF
1 Hampus Lindholm Jon Merrill 40 1 2 2
2 John Klingberg Braydon Coburn 30 1 2 2
3 Ryan Parent Zach Werenski 20 1 2 2
4 Hampus Lindholm John Klingberg 10 1 2 2
PowerPlay Forward
Center Left Wing Right Wing Time % Phy DF OF
1 Brayden Schenn Claude Giroux Patrick Kane 60 1 2 2
2 Bo Horvat Jake Guentzel Andre Burakovsky 40 1 2 2
PowerPlay Defense
Defense Defense Time % Phy DF OF
1 Hampus Lindholm John Klingberg 60 1 2 2
2 Jon Merrill Zach Werenski 40 1 2 2
Penalty Kill 4 Players Forward
Center Wing Time % Phy DF OF
1 Brayden Schenn Claude Giroux 60 1 2 2
2 Logan Couture Jake Guentzel 40 1 2 2
Penalty Kill 4 Players Defense
Defense Defense Time % Phy DF OF
1 Jon Merrill Braydon Coburn 60 1 2 2
2 Hampus Lindholm John Klingberg 40 1 2 2
Penalty Kill - 3 Players Forward
Forward Time % Phy DF OF
1 Patrice Cormier 60 1 2 2
2 Logan Couture 40 1 2 2
Penalty Kill - 3 Players Defense
Defense Defense Time % Phy DF OF
1 Braydon Coburn Jon Merrill 60 1 2 2
2 Hampus Lindholm John Klingberg 40 1 2 2
4 vs 4 Forward
Center Wing Time % Phy DF OF
1 Brayden Schenn Claude Giroux 60 1 2 2
2 Logan Couture Jake Guentzel 40 1 2 2
4 vs 4 Defense
Defense Defense Time % Phy DF OF
1 Hampus Lindholm John Klingberg 60 1 2 2
2 Jon Merrill Braydon Coburn 40 1 2 2
Last Minutes Offensive
Center Left Wing Right Wing Defense Defense
Brayden Schenn Claude Giroux Patrick Kane Hampus Lindholm John Klingberg
Last Minutes Defensive
Center Left Wing Right Wing Defense Defense
Brayden Schenn Claude Giroux Patrick Kane Braydon Coburn Jon Merrill
Goaltenders
Starting : John Gibson
Backup : Martin Jones
Extra Forwards
Normal : Jake Guentzel, Andre Burakovsky, Bo Horvat - PP : Jake Guentzel, Logan Couture - PK : Jake Guentzel
Extra Defensemen
Normal : Braydon Coburn, Ryan Parent, Zach Werenski - PP : Braydon Coburn - PK : Braydon Coburn, Ryan Parent
Penalty Shots
Claude Giroux, Patrick Kane, Brayden Schenn, Andre Burakovsky, Jake Guentzel
Scratches
None
Bruins
5 vs 5 Forward
Center Left Wing Right Wing Time % Phy DF OF
1 Jonathan Toews Wojtek Wolski Zack Kassian 40 0 2 3
2 Kevin Hayes Scott Hartnell Victor Oreskovich 30 0 2 3
3 Casey Cizikas Andrei Kostitsyn Andreas Athanasiou 20 1 2 2
4 Mikael Backlund Kris Chucko Matt Read 10 1 2 2
5 vs 5 Defense
Defense Defense Time % Phy DF OF
1 Jason Demers Brendan Smith 40 1 2 2
2 Torey Krug Josh Manson 30 1 2 2
3 Madison Bowey Adam Pelech 20 1 2 2
4 Adam Pelech Brendan Smith 10 1 2 2
PowerPlay Forward
Center Left Wing Right Wing Time % Phy DF OF
1 Jonathan Toews Wojtek Wolski Zack Kassian 60 1 2 2
2 Kevin Hayes Scott Hartnell Victor Oreskovich 40 1 2 2
PowerPlay Defense
Defense Defense Time % Phy DF OF
1 Jason Demers Brendan Smith 60 1 2 2
2 Torey Krug Josh Manson 40 1 2 2
Penalty Kill 4 Players Forward
Center Wing Time % Phy DF OF
1 Wojtek Wolski Zack Kassian 60 1 2 2
2 Jonathan Toews Scott Hartnell 40 1 2 2
Penalty Kill 4 Players Defense
Defense Defense Time % Phy DF OF
1 Jason Demers Brendan Smith 60 1 2 2
2 Torey Krug Josh Manson 40 1 2 2
Penalty Kill - 3 Players Forward
Forward Time % Phy DF OF
1 Wojtek Wolski 60 1 2 2
2 Zack Kassian 40 1 2 2
Penalty Kill - 3 Players Defense
Defense Defense Time % Phy DF OF
1 Jason Demers Brendan Smith 60 1 2 2
2 Torey Krug Josh Manson 40 1 2 2
4 vs 4 Forward
Center Wing Time % Phy DF OF
1 Wojtek Wolski Zack Kassian 60 1 2 2
2 Jonathan Toews Scott Hartnell 40 1 2 2
4 vs 4 Defense
Defense Defense Time % Phy DF OF
1 Jason Demers Brendan Smith 60 1 2 2
2 Torey Krug Josh Manson 40 1 2 2
Last Minutes Offensive
Center Left Wing Right Wing Defense Defense
Jonathan Toews Wojtek Wolski Zack Kassian Jason Demers Brendan Smith
Last Minutes Defensive
Center Left Wing Right Wing Defense Defense
Jonathan Toews Wojtek Wolski Zack Kassian Jason Demers Brendan Smith
Goaltenders
Starting : Kevin Poulin
Backup : Antti Niemi
Extra Forwards
Normal : Andrei Kostitsyn, Matt Read, Casey Cizikas - PP : Andrei Kostitsyn, Matt Read - PK : Casey Cizikas
Extra Defensemen
Normal : Madison Bowey, Jason Demers, Adam Pelech - PP : Madison Bowey - PK : Jason Demers, Adam Pelech
Penalty Shots
Wojtek Wolski, Zack Kassian, Jonathan Toews, Scott Hartnell, Kevin Hayes
Scratches
None
% Time on Ice - Maple Leafs
Lines # - Real PCT - Wanted PCT - Time Play
Normal Forward
1 - 36% - 40% - 17:29
2 - 26% - 30% - 12:36
3 - 22% - 20% - 10:32
4 - 16% - 10% - 7:33
Normal Defense
1 - 39% - 40% - 18:40
2 - 32% - 30% - 15:16
3 - 25% - 20% - 12:11
4 - 4% - 10% - 2:03
PP Forward
1 - 55% - 60% - 3:17
2 - 45% - 40% - 2:40
PP Defense
1 - 59% - 60% - 3:30
2 - 41% - 40% - 2:27
PK Forward
1 - 71% - 60% - 3:20
2 - 29% - 40% - 1:20
PK Defense
1 - 60% - 60% - 2:48
2 - 40% - 40% - 1:52
PK3 Forward
1 - 0% - 60%
2 - 0% - 40%
PK3 Defense
1 - 0% - 60%
2 - 0% - 40%
44 Forward
1 - 0% - 60%
2 - 0% - 40%
44 Defense
1 - 0% - 60%
2 - 0% - 40%
Last Minute Offensive - 1:13
Last Minute Defensive - 0:00
Total
Forward - 60:00
Defense - 60:00
|
% Time on Ice - Bruins
Lines # - Real PCT - Wanted PCT - Time Play
Normal Forward
1 - 36% - 40% - 17:09
2 - 28% - 30% - 13:26
3 - 22% - 20% - 10:42
4 - 14% - 10% - 6:56
Normal Defense
1 - 37% - 40% - 17:56
2 - 36% - 30% - 17:19
3 - 25% - 20% - 11:52
4 - 2% - 10% - 1:06
PP Forward
1 - 54% - 60% - 2:31
2 - 46% - 40% - 2:09
PP Defense
1 - 73% - 60% - 3:23
2 - 28% - 40% - 1:17
PK Forward
1 - 83% - 60% - 4:56
2 - 17% - 40% - 1:01
PK Defense
1 - 60% - 60% - 3:33
2 - 40% - 40% - 2:24
PK3 Forward
1 - 0% - 60%
2 - 0% - 40%
PK3 Defense
1 - 0% - 60%
2 - 0% - 40%
44 Forward
1 - 0% - 60%
2 - 0% - 40%
44 Defense
1 - 0% - 60%
2 - 0% - 40%
Last Minute Offensive - 0:00
Last Minute Defensive - 1:10
Total
Forward - 60:00
Defense - 60:00
|
Play-by-Play
1st period
0:01 of 1st period - Jonathan Toews wins face-off versus Brayden Schenn in neutral zone.
0:35 of 1st period - Snap shot by Jake Guentzel.
0:35 of 1st period - Shot Misses the Net.
0:37 of 1st period - Slapshot by Jon Merrill.
0:37 of 1st period - Stopped by Kevin Poulin with a rebound.
1:09 of 1st period - Snap shot by Mikael Backlund.
1:09 of 1st period - Shot Blocked by John Klingberg.
1:31 of 1st period - Off-side.
1:32 of 1st period - Jonathan Toews wins face-off versus Brayden Schenn in neutral zone.
1:41 of 1st period - Snap shot by Jonathan Toews.
1:41 of 1st period - Stopped by John Gibson without a rebound.
1:42 of 1st period - Kevin Hayes wins face-off versus Logan Couture in Maple Leafs zone.
2:30 of 1st period - Backhand shot by Andrei Kostitsyn.
2:30 of 1st period - Shot Misses the Net.
2:32 of 1st period - Wrist shot by Torey Krug.
2:32 of 1st period - Shot Blocked by Hampus Lindholm.
2:34 of 1st period - Wrist shot by Josh Manson.
2:34 of 1st period - Deflect By Hampus Lindholm.
2:34 of 1st period - Stopped by John Gibson without a rebound.
2:35 of 1st period - Brayden Schenn wins face-off versus Kevin Hayes in Maple Leafs zone.
2:44 of 1st period - Slapshot by Patrick Kane.
2:44 of 1st period - Stopped by Kevin Poulin without a rebound.
2:45 of 1st period - Kevin Hayes wins face-off versus Brayden Schenn in Bruins zone.
3:11 of 1st period - Icing by Ryan Parent.
3:12 of 1st period - Claude Giroux wins face-off versus Jonathan Toews in Maple Leafs zone.
3:27 of 1st period - Snap shot by Patrick Kane.
3:27 of 1st period - Shot Misses the Net.
3:29 of 1st period - Snap shot by Brayden Schenn.
3:29 of 1st period - Stopped by Kevin Poulin without a rebound.
3:30 of 1st period - Logan Couture wins face-off versus Casey Cizikas in Bruins zone.
4:01 of 1st period - Hampus Lindholm is hit by Jonathan Toews and loses puck.
5:31 of 1st period - Slapshot by Andreas Athanasiou.
5:31 of 1st period - Shot Misses the Net.
5:33 of 1st period - Snap shot by Andrei Kostitsyn.
5:33 of 1st period - Stopped by John Gibson without a rebound.
5:34 of 1st period - Jonathan Toews wins face-off versus Logan Couture in Maple Leafs zone.
5:52 of 1st period - Icing by Braydon Coburn.
5:53 of 1st period - Jake Guentzel wins face-off versus Kevin Hayes in Maple Leafs zone.
6:19 of 1st period - Braydon Coburn is hit by Josh Manson and loses puck.
7:05 of 1st period - Pontus Aberg is hit by Andreas Athanasiou and loses puck.
7:20 of 1st period - Wrist shot by Jake Guentzel.
7:20 of 1st period - Stopped by Kevin Poulin without a rebound.
7:21 of 1st period - Kevin Hayes wins face-off versus Logan Couture in Bruins zone.
7:30 of 1st period - Wrist shot by Logan Couture.
7:30 of 1st period - Shot Misses the Net.
7:32 of 1st period - Slapshot by Andre Burakovsky.
7:32 of 1st period - Shot Misses the Net.
7:34 of 1st period - Snap shot by Jake Guentzel.
7:34 of 1st period - Stopped by Kevin Poulin with a rebound.
7:36 of 1st period - Snap shot by Andre Burakovsky.
7:36 of 1st period - Deflect By Logan Couture.
7:36 of 1st period - Shot Blocked by Jason Demers.
7:36 of 1st period - Puck is out of play.
7:37 of 1st period - Brayden Schenn wins face-off versus Jonathan Toews in Bruins zone.
8:10 of 1st period - Wrist shot by Brandon Saad.
8:10 of 1st period - Shot Blocked by Kevin Hayes.
8:17 of 1st period - Double Minor Penalty to Brandon Saad for Roughing.
8:18 of 1st period - Claude Giroux wins face-off versus Jonathan Toews in Maple Leafs zone.
8:30 of 1st period - Off-side.
8:31 of 1st period - Brayden Schenn wins face-off versus Jonathan Toews in neutral zone.
8:34 of 1st period - Jason Demers is hit by Brayden Schenn and loses puck.
8:59 of 1st period - Snap shot by Wojtek Wolski.
8:59 of 1st period - Goal by Wojtek Wolski - Maple Leafs : 0 - Bruins : 1.
9:00 of 1st period - Jonathan Toews wins face-off versus Brayden Schenn in neutral zone.
9:03 of 1st period - Brayden Schenn is hit by Wojtek Wolski.
9:27 of 1st period - Scott Hartnell is hit by Logan Couture and loses puck.
10:59 of 1st period - Penalty to Brandon Saad is over, Brandon Saad is back on ice.
12:10 of 1st period - Andrei Kostitsyn is hit by Patrice Cormier and loses puck.
12:31 of 1st period - Wrist shot by Claude Giroux.
12:31 of 1st period - Deflect By Brayden Schenn.
12:31 of 1st period - Shot Blocked by Jason Demers.
12:31 of 1st period - Puck is out of play.
12:32 of 1st period - Jonathan Toews wins face-off versus Patrice Cormier in Bruins zone.
12:47 of 1st period - Snap shot by Zack Kassian.
12:47 of 1st period - Stopped by John Gibson without a rebound.
12:48 of 1st period - Brayden Schenn wins face-off versus Kevin Hayes in Maple Leafs zone.
12:48 of 1st period - Brayden Schenn is hit by Madison Bowey.
13:25 of 1st period - Snap shot by Zack Kassian.
13:25 of 1st period - Shot Hit the Post.
14:36 of 1st period - Slapshot by Wojtek Wolski.
14:36 of 1st period - Stopped by John Gibson with a rebound.
15:01 of 1st period - Mikael Backlund is hit by Bo Horvat.
15:07 of 1st period - Slapshot by Mikael Backlund.
15:07 of 1st period - Stopped by John Gibson without a rebound.
15:08 of 1st period - Jonathan Toews wins face-off versus Brayden Schenn in Maple Leafs zone.
15:09 of 1st period - Slapshot by Zack Kassian.
15:09 of 1st period - Stopped by John Gibson with a rebound.
15:45 of 1st period - Backhand shot by Logan Couture.
15:45 of 1st period - Shot Misses the Net.
15:53 of 1st period - Minor Penalty to Scott Hartnell for Delaying the game.
15:54 of 1st period - Wojtek Wolski wins face-off versus Brayden Schenn in Bruins zone.
16:05 of 1st period - Wrist shot by Patrick Kane.
16:05 of 1st period - Stopped by Kevin Poulin without a rebound.
16:06 of 1st period - Patrick Kane wins face-off versus Wojtek Wolski in Bruins zone.
16:59 of 1st period - Wojtek Wolski is hit by Claude Giroux and loses puck.
17:53 of 1st period - Penalty to Scott Hartnell is over, Scott Hartnell is back on ice.
18:04 of 1st period - Pontus Aberg is hit by Scott Hartnell.
18:40 of 1st period - Torey Krug is hit by Tim Schaller and loses puck.
19:49 of 1st period - Wrist shot by Matt Read.
19:49 of 1st period - Stopped by John Gibson with a rebound.
Goals for this period are 0 for Maple Leafs vs 1 for Bruins.
Shots for this period are 6 for Maple Leafs vs 9 for Bruins.
2nd period
0:01 of 2nd period - Jonathan Toews wins face-off versus Brayden Schenn in neutral zone.
0:28 of 2nd period - Snap shot by Logan Couture.
0:28 of 2nd period - Stopped by Kevin Poulin without a rebound.
0:29 of 2nd period - Logan Couture wins face-off versus Kevin Hayes in Bruins zone.
0:46 of 2nd period - Kevin Hayes is hit by Hampus Lindholm and loses puck.
0:57 of 2nd period - Snap shot by Andre Burakovsky.
0:57 of 2nd period - Goal by Andre Burakovsky - Maple Leafs : 1 - Bruins : 1.
0:58 of 2nd period - Patrick Kane wins face-off versus Jonathan Toews in neutral zone.
1:15 of 2nd period - Snap shot by Claude Giroux.
1:15 of 2nd period - Stopped by Kevin Poulin with a rebound.
1:45 of 2nd period - Snap shot by Jason Demers.
1:45 of 2nd period - Stopped by John Gibson without a rebound.
1:46 of 2nd period - Casey Cizikas wins face-off versus Bo Horvat in Maple Leafs zone.
2:27 of 2nd period - Snap shot by Casey Cizikas.
2:27 of 2nd period - Shot Blocked by Hampus Lindholm.
2:29 of 2nd period - Wrist shot by Andreas Athanasiou.
2:29 of 2nd period - Goal by Andreas Athanasiou - Maple Leafs : 1 - Bruins : 2.
2:30 of 2nd period - Jonathan Toews wins face-off versus Brayden Schenn in neutral zone.
2:33 of 2nd period - John Klingberg is hit by Zack Kassian and loses puck.
3:17 of 2nd period - Wrist shot by Andrei Kostitsyn.
3:17 of 2nd period - Stopped by John Gibson with a rebound.
3:19 of 2nd period - Wrist shot by Torey Krug.
3:19 of 2nd period - Deflect By Andreas Athanasiou.
3:19 of 2nd period - Stopped by John Gibson without a rebound.
3:20 of 2nd period - Jonathan Toews wins face-off versus Bo Horvat in Maple Leafs zone.
3:23 of 2nd period - Wrist shot by Zack Kassian.
3:23 of 2nd period - Goal by Zack Kassian - Maple Leafs : 1 - Bruins : 3.
3:24 of 2nd period - Brayden Schenn wins face-off versus Jonathan Toews in neutral zone.
3:26 of 2nd period - Off-side.
3:27 of 2nd period - Jonathan Toews wins face-off versus Brayden Schenn in neutral zone.
4:06 of 2nd period - Victor Oreskovich is hit by Andre Burakovsky and loses puck.
4:17 of 2nd period - Bo Horvat is hit by Jason Demers and loses puck.
5:43 of 2nd period - Brandon Saad is hit by Kevin Hayes and loses puck.
6:12 of 2nd period - Wrist shot by Zack Kassian.
6:12 of 2nd period - Stopped by John Gibson without a rebound.
6:13 of 2nd period - Jonathan Toews wins face-off versus Brayden Schenn in Maple Leafs zone.
6:14 of 2nd period - Slapshot by Zack Kassian.
6:14 of 2nd period - Stopped by John Gibson without a rebound.
6:15 of 2nd period - Brayden Schenn wins face-off versus Jonathan Toews in Maple Leafs zone.
6:15 of 2nd period - Brayden Schenn is hit by Jason Demers.
6:29 of 2nd period - Wrist shot by Jonathan Toews.
6:29 of 2nd period - Stopped by John Gibson without a rebound.
6:30 of 2nd period - Jonathan Toews wins face-off versus Claude Giroux in Maple Leafs zone.
7:17 of 2nd period - Slapshot by John Klingberg.
7:17 of 2nd period - Deflect By Bo Horvat.
7:17 of 2nd period - Stopped by Kevin Poulin with a rebound.
7:19 of 2nd period - Wrist shot by Beau Bennett.
7:19 of 2nd period - Stopped by Kevin Poulin without a rebound.
7:20 of 2nd period - Bo Horvat wins face-off versus Casey Cizikas in Bruins zone.
7:23 of 2nd period - Slapshot by Bo Horvat.
7:23 of 2nd period - Stopped by Kevin Poulin without a rebound.
7:24 of 2nd period - Jonathan Toews wins face-off versus Bo Horvat in Bruins zone.
7:51 of 2nd period - Patrick Kane is hit by Kevin Hayes and loses puck.
8:12 of 2nd period - Slapshot by Logan Couture.
8:12 of 2nd period - Stopped by Kevin Poulin without a rebound.
8:13 of 2nd period - Casey Cizikas wins face-off versus Logan Couture in Bruins zone.
8:17 of 2nd period - Minor Penalty to Casey Cizikas for Holding.
8:18 of 2nd period - Brayden Schenn wins face-off versus Wojtek Wolski in Bruins zone.
8:27 of 2nd period - Snap shot by Claude Giroux.
8:27 of 2nd period - Shot Blocked by Brendan Smith.
8:35 of 2nd period - Snap shot by Zack Kassian.
8:35 of 2nd period - Stopped by John Gibson without a rebound.
8:36 of 2nd period - Wojtek Wolski wins face-off versus Bo Horvat in Maple Leafs zone.
10:15 of 2nd period - Patrick Kane is hit by Torey Krug and loses puck.
10:17 of 2nd period - Penalty to Casey Cizikas is over, Casey Cizikas is back on ice.
10:25 of 2nd period - Off-side.
10:26 of 2nd period - Patrice Cormier wins face-off versus Mikael Backlund in neutral zone.
10:29 of 2nd period - Snap shot by Tim Schaller.
10:29 of 2nd period - Shot Blocked by Madison Bowey.
10:38 of 2nd period - Off-side.
10:39 of 2nd period - Logan Couture wins face-off versus Jonathan Toews in neutral zone.
10:41 of 2nd period - Hampus Lindholm is hit by Brendan Smith and loses puck.
11:50 of 2nd period - Snap shot by Casey Cizikas.
11:50 of 2nd period - Deflect By Andrei Kostitsyn.
11:50 of 2nd period - Shot Misses the Net.
11:50 of 2nd period - Puck is out of play.
11:51 of 2nd period - Patrice Cormier wins face-off versus Wojtek Wolski in Maple Leafs zone.
12:29 of 2nd period - Madison Bowey is hit by Pontus Aberg and loses puck.
12:40 of 2nd period - Snap shot by Zack Kassian.
12:40 of 2nd period - Stopped by John Gibson with a rebound.
12:42 of 2nd period - Slapshot by Adam Pelech.
12:42 of 2nd period - Stopped by John Gibson without a rebound.
12:43 of 2nd period - Kevin Hayes wins face-off versus Brayden Schenn in Maple Leafs zone.
12:52 of 2nd period - Wrist shot by Victor Oreskovich.
12:52 of 2nd period - Stopped by John Gibson with a rebound.
12:58 of 2nd period - Snap shot by Kevin Hayes.
12:58 of 2nd period - Shot Misses the Net.
14:14 of 2nd period - Icing by Adam Pelech.
14:15 of 2nd period - Casey Cizikas wins face-off versus Claude Giroux in Bruins zone.
14:42 of 2nd period - Jonathan Toews is hit by Jake Guentzel and loses puck.
14:55 of 2nd period - Jonathan Toews is hit by Jake Guentzel and loses puck.
15:36 of 2nd period - Snap shot by Matt Read.
15:36 of 2nd period - Stopped by John Gibson without a rebound.
15:37 of 2nd period - Jonathan Toews wins face-off versus Brayden Schenn in Maple Leafs zone.
16:13 of 2nd period - Snap shot by Andre Burakovsky.
16:13 of 2nd period - Shot Blocked by Brendan Smith.
16:15 of 2nd period - Wrist shot by Andre Burakovsky.
16:15 of 2nd period - Shot Misses the Net.
16:33 of 2nd period - Slapshot by Andrei Kostitsyn.
16:33 of 2nd period - Shot Blocked by Bo Horvat.
16:35 of 2nd period - Slapshot by Brendan Smith.
16:35 of 2nd period - Stopped by John Gibson with a rebound.
17:07 of 2nd period - Torey Krug is hit by John Klingberg and loses puck.
17:20 of 2nd period - Torey Krug is hit by Brayden Schenn and loses puck.
18:23 of 2nd period - Josh Manson is hit by Brayden Schenn.
18:27 of 2nd period - Wrist shot by Patrick Kane.
18:27 of 2nd period - Shot Blocked by Torey Krug.
18:39 of 2nd period - Wrist shot by Claude Giroux.
18:39 of 2nd period - Stopped by Kevin Poulin with a rebound.
19:12 of 2nd period - Snap shot by Jonathan Toews.
19:12 of 2nd period - Stopped by John Gibson with a rebound.
19:14 of 2nd period - Wrist shot by Wojtek Wolski.
19:14 of 2nd period - Stopped by John Gibson with a rebound.
19:29 of 2nd period - Minor Penalty to Braydon Coburn for High sticking.
19:30 of 2nd period - Kevin Hayes wins face-off versus Logan Couture in Maple Leafs zone.
Goals for this period are 1 for Maple Leafs vs 2 for Bruins.
Shots for this period are 8 for Maple Leafs vs 16 for Bruins.
3rd period
0:01 of 3rd period - Brayden Schenn wins face-off versus Jonathan Toews in neutral zone.
0:16 of 3rd period - Snap shot by Claude Giroux.
0:16 of 3rd period - Shot Misses the Net.
1:29 of 3rd period - Penalty to Braydon Coburn is over, Braydon Coburn is back on ice.
1:29 of 3rd period - Icing by Scott Hartnell.
1:30 of 3rd period - Kevin Hayes wins face-off versus Brandon Saad in Bruins zone.
1:41 of 3rd period - Snap shot by Hampus Lindholm.
1:41 of 3rd period - Deflect By Jake Guentzel.
1:41 of 3rd period - Shot Blocked by Jason Demers.
1:41 of 3rd period - Puck is out of play.
1:42 of 3rd period - Andre Burakovsky wins face-off versus Andrei Kostitsyn in Bruins zone.
1:43 of 3rd period - Snap shot by Jake Guentzel.
1:43 of 3rd period - Shot Misses the Net.
1:45 of 3rd period - Snap shot by Jake Guentzel.
1:45 of 3rd period - Stopped by Kevin Poulin without a rebound.
1:46 of 3rd period - Jonathan Toews wins face-off versus Logan Couture in Bruins zone.
1:46 of 3rd period - Jonathan Toews is hit by Hampus Lindholm.
1:58 of 3rd period - Wrist shot by Logan Couture.
1:58 of 3rd period - Shot Blocked by Adam Pelech.
2:35 of 3rd period - Snap shot by Casey Cizikas.
2:35 of 3rd period - Goal by Casey Cizikas - Maple Leafs : 1 - Bruins : 4.
2:36 of 3rd period - Jonathan Toews wins face-off versus Brayden Schenn in neutral zone.
2:44 of 3rd period - Wrist shot by Zack Kassian.
2:44 of 3rd period - Stopped by John Gibson with a rebound.
2:46 of 3rd period - Slapshot by Wojtek Wolski.
2:46 of 3rd period - Stopped by John Gibson without a rebound.
2:47 of 3rd period - Jonathan Toews wins face-off versus Brayden Schenn in Maple Leafs zone.
2:56 of 3rd period - Wrist shot by Claude Giroux.
2:56 of 3rd period - Stopped by Kevin Poulin without a rebound.
2:57 of 3rd period - Brayden Schenn wins face-off versus Jonathan Toews in Bruins zone.
2:58 of 3rd period - Snap shot by Patrick Kane.
2:58 of 3rd period - Shot Misses the Net.
3:00 of 3rd period - Wrist shot by Patrick Kane.
3:00 of 3rd period - Shot Blocked by Brendan Smith.
3:02 of 3rd period - Slapshot by Hampus Lindholm.
3:02 of 3rd period - Shot Blocked by Brendan Smith.
3:04 of 3rd period - Slapshot by Jon Merrill.
3:04 of 3rd period - Stopped by Kevin Poulin without a rebound.
3:05 of 3rd period - Brayden Schenn wins face-off versus Zack Kassian in Bruins zone.
3:37 of 3rd period - Slapshot by Bo Horvat.
3:37 of 3rd period - Goal by Bo Horvat - Maple Leafs : 2 - Bruins : 4.
3:38 of 3rd period - Logan Couture wins face-off versus Kevin Hayes in neutral zone.
4:28 of 3rd period - Wrist shot by Casey Cizikas.
4:28 of 3rd period - Stopped by John Gibson without a rebound.
4:29 of 3rd period - Casey Cizikas wins face-off versus Bo Horvat in Maple Leafs zone.
4:30 of 3rd period - Snap shot by Andrei Kostitsyn.
4:30 of 3rd period - Deflect By Andreas Athanasiou.
4:30 of 3rd period - Stopped by John Gibson without a rebound.
4:31 of 3rd period - Brayden Schenn wins face-off versus Casey Cizikas in Maple Leafs zone.
4:54 of 3rd period - Snap shot by Casey Cizikas.
4:54 of 3rd period - Stopped by John Gibson with a rebound.
4:56 of 3rd period - Wrist shot by Andrei Kostitsyn.
4:56 of 3rd period - Stopped by John Gibson without a rebound.
4:57 of 3rd period - Jonathan Toews wins face-off versus Logan Couture in Maple Leafs zone.
5:28 of 3rd period - Slapshot by Zach Werenski.
5:28 of 3rd period - Shot Misses the Net.
6:11 of 3rd period - Snap shot by Matt Read.
6:11 of 3rd period - Stopped by John Gibson without a rebound.
6:12 of 3rd period - Jonathan Toews wins face-off versus Bo Horvat in Maple Leafs zone.
6:21 of 3rd period - John Klingberg is hit by Zack Kassian and loses puck.
6:37 of 3rd period - Bo Horvat is hit by Victor Oreskovich.
7:03 of 3rd period - Casey Cizikas is hit by Patrick Kane and loses puck.
7:52 of 3rd period - Snap shot by Tim Schaller.
7:52 of 3rd period - Shot Misses the Net.
8:06 of 3rd period - Claude Giroux is hit by Josh Manson and loses puck.
8:49 of 3rd period - Slapshot by Zach Werenski.
8:49 of 3rd period - Stopped by Kevin Poulin without a rebound.
8:50 of 3rd period - Mikael Backlund wins face-off versus Brandon Saad in Bruins zone.
8:50 of 3rd period - Mikael Backlund is hit by Beau Bennett.
9:02 of 3rd period - Wrist shot by Matt Read.
9:02 of 3rd period - Stopped by John Gibson with a rebound.
9:07 of 3rd period - Icing by Brandon Saad.
9:08 of 3rd period - Jonathan Toews wins face-off versus Bo Horvat in Maple Leafs zone.
9:15 of 3rd period - Wrist shot by Bo Horvat.
9:15 of 3rd period - Stopped by Kevin Poulin without a rebound.
9:16 of 3rd period - Jonathan Toews wins face-off versus Brayden Schenn in Bruins zone.
9:27 of 3rd period - Snap shot by Zack Kassian.
9:27 of 3rd period - Shot Misses the Net.
10:05 of 3rd period - Wrist shot by Matt Read.
10:05 of 3rd period - Stopped by John Gibson without a rebound.
10:06 of 3rd period - Brayden Schenn wins face-off versus Kris Chucko in Maple Leafs zone.
10:39 of 3rd period - Slapshot by John Klingberg.
10:39 of 3rd period - Deflect By Jake Guentzel.
10:39 of 3rd period - Stopped by Kevin Poulin without a rebound.
10:40 of 3rd period - Jonathan Toews wins face-off versus Logan Couture in Bruins zone.
10:45 of 3rd period - Slapshot by Andre Burakovsky.
10:45 of 3rd period - Deflect By Jake Guentzel.
10:45 of 3rd period - Stopped by Kevin Poulin without a rebound.
10:46 of 3rd period - Logan Couture wins face-off versus Jonathan Toews in Bruins zone.
10:54 of 3rd period - Minor Penalty to Zack Kassian for Roughing.
10:55 of 3rd period - Wojtek Wolski wins face-off versus Brayden Schenn in Bruins zone.
11:48 of 3rd period - Snap shot by Jake Guentzel.
11:48 of 3rd period - Stopped by Kevin Poulin with a rebound.
11:50 of 3rd period - Snap shot by Jake Guentzel.
11:50 of 3rd period - Maple Leafs goal is going for a video replay.
11:50 of 3rd period - The goal is refused. The net was displaced accidentally..
11:51 of 3rd period - Brayden Schenn wins face-off versus Casey Cizikas in Bruins zone.
12:00 of 3rd period - Slapshot by Claude Giroux.
12:00 of 3rd period - Deflect By Patrick Kane.
12:00 of 3rd period - Stopped by Kevin Poulin with a rebound.
12:54 of 3rd period - Penalty to Zack Kassian is over, Zack Kassian is back on ice.
13:47 of 3rd period - Icing by Jon Merrill.
13:48 of 3rd period - Brayden Schenn wins face-off versus Casey Cizikas in Maple Leafs zone.
14:39 of 3rd period - Snap shot by Andre Burakovsky.
14:39 of 3rd period - Deflect By Jake Guentzel.
14:39 of 3rd period - Goal by Jake Guentzel - Maple Leafs : 3 - Bruins : 4.
14:40 of 3rd period - Jonathan Toews wins face-off versus Brayden Schenn in neutral zone.
15:10 of 3rd period - Wrist shot by Brandon Saad.
15:10 of 3rd period - Shot Misses the Net.
15:38 of 3rd period - Josh Manson is hit by Jake Guentzel and loses puck.
15:50 of 3rd period - Hampus Lindholm is hit by Josh Manson and loses puck.
16:17 of 3rd period - Wrist shot by Kris Chucko.
16:17 of 3rd period - Shot Misses the Net.
16:55 of 3rd period - Slapshot by Adam Pelech.
16:55 of 3rd period - Stopped by John Gibson with a rebound.
16:57 of 3rd period - Snap shot by Wojtek Wolski.
16:57 of 3rd period - Shot Misses the Net.
17:46 of 3rd period - Snap shot by Kevin Hayes.
17:46 of 3rd period - Shot Hit the Post.
17:48 of 3rd period - Snap shot by Victor Oreskovich.
17:48 of 3rd period - Shot Misses the Net.
17:50 of 3rd period - Slapshot by Josh Manson.
17:50 of 3rd period - Deflect By Scott Hartnell.
17:50 of 3rd period - Stopped by John Gibson with a rebound.
18:17 of 3rd period - Wrist shot by Jake Guentzel.
18:17 of 3rd period - Stopped by Kevin Poulin with a rebound.
18:41 of 3rd period - Snap shot by Claude Giroux.
18:41 of 3rd period - Shot Blocked by Josh Manson.
18:43 of 3rd period - Slapshot by Hampus Lindholm.
18:43 of 3rd period - Stopped by Kevin Poulin with a rebound.
18:53 of 3rd period - Snap shot by Casey Cizikas.
18:53 of 3rd period - Stopped by John Gibson without a rebound.
18:54 of 3rd period - Joel Quenneville call a timeout for Maple Leafs.
18:54 of 3rd period - Brayden Schenn wins face-off versus Jonathan Toews in Maple Leafs zone.
19:26 of 3rd period - Maple Leafs, John Gibson is pulled from the net.
19:32 of 3rd period - Wrist shot by Claude Giroux.
19:32 of 3rd period - Shot Blocked by Wojtek Wolski.
19:34 of 3rd period - Wrist shot by Claude Giroux.
19:34 of 3rd period - Stopped by Kevin Poulin with a rebound.
Goals for this period are 2 for Maple Leafs vs 1 for Bruins.
Shots for this period are 15 for Maple Leafs vs 13 for Bruins.